 Dungeon Crawl Stone Soup version 0.19.1 (webtiles) character file.

6522 Blunderbuss the Basher (level 10, -7/135 HPs)
             Began as a Minotaur Berserker on Dec 26, 2016.
             Was a High Priest of Trog.
             Mangled by a troll (11 damage)
             ... on level 10 of the Dungeon.
             The game lasted 00:30:02 (7053 turns).

Blunderbuss the Basher (Minotaur Berserker)         Turns: 7053, Time: 00:30:03

Health: -7/135     AC: 18    Str: 29    XL:     10   Next: 69%
Magic:  9/9        EV:  9    Int:  5    God:    Trog [*****.]
Gold:   545        SH:  0    Dex: 10    Spells: 0 memorised, 9 levels left

rFire  . . .     SeeInvis .     p - +3 morningstar (freeze)
rCold  . . .     Gourm    .     D - +0 plate armour
rNeg   + + .     Faith    .     (no shield)
rPois  .         Spirit   .     (helmet restricted)
rElec  .         Reflect  .     (no cloak)
rCorr  .         Harm     .     a - +0 pair of gloves
MR     .....                    g - +1 pair of boots
Stlth  ..........               z - amulet "Vuucemp" {+Rage rN++}
                                (no ring)
                                (no ring)

@: berserking, very quick
A: retaliatory headbutt, horns 2
a: Berserk, Trog's Hand, Brothers in Arms, Burn Spellbooks, Renounce Religion,
Evoke Berserk Rage


You were on level 10 of the Dungeon.
You worshipped Trog.
Trog was extremely pleased with you.
You were not hungry.

You visited 1 branch of the dungeon, and saw 10 of its levels.
You also visited: Sewer.

You collected 545 gold pieces.

Inventory:

Hand Weapons
 j - a +0 glaive
 p - a +3 morningstar of freezing (weapon)
Armour
 a - a +0 pair of gloves (worn)
 g - a +1 pair of boots (worn)
 D - a +0 plate armour (worn)
Jewellery
 z - the amulet "Vuucemp" (around neck) {+Rage rN++}
   (You found it on level 10 of the Dungeon)

   [amulet of rage]

   It greatly protects you from negative energy.
   It lets you go berserk.
Wands
 r - a wand of random effects (3/48)
 x - a wand of flame (21/48)
 y - a wand of slowing (19/48)
Scrolls
 b - 3 scrolls of teleportation
 c - 3 scrolls of identify
 f - 4 scrolls of recharging
 h - 2 scrolls of blinking
 k - 10 scrolls of remove curse
 C - a scroll of amnesia {unknown}
Potions
 d - a potion of lignification
 e - a potion of agility {unknown}
 l - 2 potions of flight {unknown}
 m - 2 potions of degeneration {unknown}
 n - 4 potions of curing {unknown}
 o - 2 potions of resistance
 q - a potion of haste {unknown}
 s - 4 potions of cancellation {unknown}
 t - 2 potions of cure mutation {unknown}
 v - 2 potions of invisibility {unknown}
 w - a potion of mutation {unknown}
 B - a potion of might {unknown}
Comestibles
 i - 8 meat rations
 u - 5 bread rations
 A - 4 slices of pizza


   Skills:
 + Level 8.7 Fighting
 + Level 13.2 Maces & Flails
 + Level 6.8 Polearms
 + Level 9.2 Armour
 - Level 3.8 Dodging
 + Level 1.4 Stealth
 + Level 0.1 Evocations


You had 9 spell levels left.
You didn't know any spells.

Dungeon Overview and Level Annotations

Branches:
Dungeon (10/15)            Temple (0/1) D:4            Lair (0/6) D:8
    Orc: D:9-12

Altars:
Dithmenos
Hepliaklqana
Nemelex Xobeh
Qazlal
Trog
Uskayaw
Xom
Zin

Shops:
D:6 (!=*   D:9 [


Innate Abilities, Weirdness & Mutations

You reflexively headbutt those who attack you in melee.
You have a pair of horns on your head.


Message History

The troll barely misses you. You furiously retaliate!
You headbutt the troll! The troll claws you.
* * * LOW HITPOINT WARNING * * *
The troll claws you but does no damage.
Your plate armour prevents you from hitting the troll.
The troll is almost dead.
The troll bites you!
* * * LOW HITPOINT WARNING * * *
The troll closely misses you. x2
Your plate armour prevents you from hitting the troll.
The troll is almost dead.
The troll barely misses you. The troll claws you but does no damage.
The troll claws you.
* * * LOW HITPOINT WARNING * * *
There is an open door here.
Okay, then.
A red film seems to cover your vision as you go berserk!
You feel yourself moving faster!
You feel mighty!
You feel quite a bit more hungry. The troll bites you!
You die...

#....########
#..
#............ #
#..
#.....#######
#.#..
#.....##########
#.###
###+#...........
....
#.#.[.........
#..
#.##..........
#..
#..'..........
#..
####..@.......
#.. #..T.......
#.. ###'#######
#.. #.# #..
............%..
#..
#######.#######
#.. #.# #)) #.#
#######.. ...
.........


You could see a troll.

Vanquished Creatures
  The ghost of Schattenjager the Changer, a novice DgTm (D:8)
  Joseph (D:7)
  The ghost of HessuHobo the Covered, a novice DsGl of Makhleb (D:6)
  A troll (D:8)
  Sigmund (D:2)
  A yak (D:8)
  Edmund (D:6)
  3 black bears (D:9)
  4 orc warriors
  A sky beast (D:6)
  The ghost of lupus83 the Chucker, an amateur TrHu (D:3)
  An ice beast (D:7)
  5 ogres
  A phantom (D:9)
  3 centaurs
  5 bullfrogs
  A gnoll sergeant (D:6)
  A scorpion (D:9)
  A water moccasin zombie (D:5)
  3 killer bees (D:8)
  3 wights (D:6)
  3 crimson imps
  A howler monkey (D:3)
  A centaur zombie (D:10)
  3 hounds
  A quasit (D:8)
  A jelly (D:10)
  3 orc priests
  12 orc wizards
  2 centaur skeletons
  Jessica (D:2)
  A bullfrog skeleton (D:6)
  An iguana (D:5)
  6 worker ants
  A howler monkey zombie (D:6)
  8 gnolls
  17 adders
  4 river rats (D:8)
  An adder zombie (D:7)
  2 adder skeletons
  2 worms
  3 dart slugs
  9 leopard geckos
  26 orcs
  4 ball pythons
  12 giant cockroaches
  10 goblins
  11 hobgoblins
  13 jackals
  9 kobolds
  4 quokkas
  15 bats
  11 frilled lizards
  16 rats
254 creatures vanquished.

Vanquished Creatures (collateral kills)
  The ghost of JDB the Basher, a novice MiBe of Trog (D:9)
  A yak (D:8)
  2 hogs (D:8)
  A human (D:8)
  An orc warrior (D:8)
  A scorpion (D:9)
  2 hounds (D:4)
  An orc priest (D:8)
  A bullfrog skeleton (D:4)
  2 orc wizards
  A worker ant (D:4)
  6 orcs
  A frilled lizard (D:4)
21 creatures vanquished.

Vanquished Creatures (others)
  A fungus (D:8)
  A plant (D:8)
2 creatures vanquished.

Grand Total: 277 creatures vanquished

Notes
Turn   | Place    | Note
-------+----------+-------------------------------------------
     0 | D:1      | Blunderbuss the Minotaur Berserker began the quest for the Orb.
     0 | D:1      | Reached XP level 1. HP: 19/19 MP: 0/0
   107 | D:1      | Reached XP level 2. HP: 26/27 MP: 1/1
   344 | D:1      | Reached XP level 3. HP: 30/34 MP: 2/2
   467 | D:1      | Reached ** piety under Trog
  1004 | D:2      | HP: 1/34 [adder (4)]
  1008 | D:2      | Reached XP level 4. HP: 2/41 MP: 3/3
  1534 | D:2      | Noticed Jessica
  1540 | D:2      | Killed Jessica
  1540 | D:2      | Reached XP level 5. HP: 33/47 MP: 4/4
  1588 | D:2      | Noticed Sigmund
  1595 | D:2      | Killed Sigmund
  1595 | D:2      | Reached skill level 5 in Fighting
  1595 | D:2      | Reached skill level 5 in Polearms
  1595 | D:2      | Reached XP level 6. HP: 44/56 MP: 5/5
  1805 | D:3      | Noticed lupus83's ghost (amateur TrHu)
  1822 | D:3      | Killed lupus83's ghost
  1822 | D:3      | Reached skill level 1 in Maces & Flails
  1825 | D:3      | Reached *** piety under Trog
  1932 | D:3      | Reached XP level 7. HP: 40/61 MP: 6/6
  1933 | D:3      | Reached skill level 1 in Stealth
  1941 | D:3      | Reached skill level 5 in Armour
  1965 | D:3      | Found a glowing drain.
  1996 | Sewer    | Entered a sewer
  2001 | Sewer    | Reached skill level 2 in Maces & Flails
  2447 | D:3      | Found a bloodstained altar of Trog.
  2515 | D:3      | Reached **** piety under Trog
  2713 | D:4      | Found a shadowy altar of Dithmenos.
  2726 | D:4      | Found a glowing silver altar of Zin.
  2741 | D:4      | Reached skill level 3 in Maces & Flails
  2951 | D:4      | Reached skill level 4 in Maces & Flails
  3047 | D:4      | Found a staircase to the Ecumenical Temple.
  3186 | D:5      | Entered Level 5 of the Dungeon
  3406 | D:5      | Reached skill level 5 in Maces & Flails
  3406 | D:5      | Reached XP level 8. HP: 70/70 MP: 7/7
  3443 | D:5      | Found a hide-covered altar of Uskayaw.
  3660 | D:5      | Reached skill level 6 in Maces & Flails
  4001 | D:6      | Found Guvo's Jewellery Shoppe.
  4056 | D:6      | Noticed HessuHobo's ghost (novice DsGl)
  4079 | D:6      | HP: 4/106 [HessuHobo's ghost (3)]
  4081 | D:6      | Killed HessuHobo's ghost
  4081 | D:6      | Reached skill level 7 in Maces & Flails
  4106 | D:6      | Noticed Edmund
  4107 | D:6      | Found a shimmering altar of Xom.
  4122 | D:6      | Reached skill level 8 in Maces & Flails
  4233 | D:6      | Reached XP level 9. HP: 56/79 MP: 8/8
  4265 | D:6      | Found Xisig's Assorted Antiques.
  4293 | D:6      | Found Zecuew's Antique Weapon Boutique.
  4307 | D:6      | Reached ***** piety under Trog
  4386 | D:6      | Killed Edmund
  4386 | D:6      | Reached skill level 9 in Maces & Flails
  4399 | D:6      | Found Pojum's Distillery.
  4523 | D:7      | Noticed Joseph
  4529 | D:7      | Killed Joseph
  4529 | D:7      | Reached skill level 10 in Maces & Flails
  4584 | D:7      | Found a hazy altar of Hepliaklqana.
  4995 | D:8      | Reached skill level 11 in Maces & Flails
  5000 | D:8      | Noticed a troll
  5000 | D:8      | Noticed a centaur warrior
  5003 | D:8      | Noticed a troll
  5056 | D:8      | Noticed Schattenjager's ghost (novice DgTm)
  5067 | D:8      | Killed Schattenjager's ghost
  5155 | D:8      | Noticed a troll
  5165 | D:8      | Killed a troll
  5165 | D:8      | Reached skill level 12 in Maces & Flails
  5165 | D:8      | Reached XP level 10. HP: 29/88 MP: 9/9
  5610 | D:8      | Found a staircase to the Lair.
  5980 | D:9      | Noticed JDB's ghost (novice MiBe)
  5991 | D:9      | Killed JDB's ghost
  5991 | D:9      | Received a gift from Trog
  6116 | D:9      | Reached skill level 13 in Maces & Flails
  6313 | D:9      | Found Qidax's Antique Armour Shoppe.
  6598 | D:9      | Found a sparkling altar of Nemelex Xobeh.
  6751 | D:9      | Found a stormy altar of Qazlal.
  6925 | D:10     | Entered Level 10 of the Dungeon
  6972 | D:10     | Got a steaming emerald amulet
  6973 | D:10     | Identified the amulet "Vuucemp" {+Rage rN++} (You found it on level 10 of the Dungeon)
  7049 | D:10     | HP: 2/90 [troll (5)]
  7053 | D:10     | Mangled by a troll

Skill      XL: |  1  2  3  4  5  6  7  8  9 10 |
---------------+-------------------------------+-----
Fighting       | 4 5 7 8 |  8.7
Polearms       | 4 5 6 |  6.8
Armour         | 3 4 6 7 8 9 |  9.2
Dodging        | 3 |  3.8
Maces & Flails | 1 5 8 12 13 | 13.2
Stealth        | 1 |  1.4
Evocations     | |  0.1

Action                   |  1- 3 |  4- 6 |  7- 9 | 10-12 || total
-------------------------+-------+-------+-------+-------++-------
Melee: Spear             |    69 |    12 |       |       ||    81
       Headbutt          |     8 |    13 |    43 |    30 ||    94
       Halberd           |       |    12 |       |       ||    12
       Club              |       |    57 |    46 |       ||   103
       Morningstar       |       |       |   253 |    73 ||   326
       Trident           |       |       |       |    77 ||    77
       Glaive            |       |       |       |    31 ||    31
Invok: Berserk           |     1 |       |     3 |     1 ||     5
       Brothers in Arms  |       |       |     1 |     2 ||     3
       Burn Spellbooks   |       |       |     2 |       ||     2
Evoke: Wand              |       |       |     3 |       ||     3
  Use: Scroll            |     3 |     1 |    12 |     3 ||    19
       Potion            |       |       |     1 |       ||     1
  Eat: Bread ration      |       |     1 |       |       ||     1
       Meat ration       |       |       |     2 |       ||     2
       Fruit             |       |       |     3 |       ||     3
       Beef jerky        |       |       |     1 |     2 ||     3
       Royal jelly       |       |       |     1 |       ||     1
       Pizza             |       |       |       |     3 ||     3
Armor: Animal skin       |    16 |       |       |       ||    16
       Chain mail        |     9 |    43 |   287 |   100 ||   439
       Plate armour      |       |       |       |    40 ||    40
Dodge: Dodged            |    49 |    53 |   258 |   140 ||   500
